 Dungeon Crawl Stone Soup version 0.27-a0-1555-g0e7b3fb1d2 (webtiles) character file.

Game seed: 9138301184693973046

26203 Sin92 the Blocker (level 12, -1/97 HPs)
             Began as a Demonspawn Fighter on July 14, 2021.
             Was the Champion of Okawaru.
             Slain by a salamander (8 damage)
             ... in a volcano.
             The game lasted 00:26:03 (15156 turns).

Sin92 the Blocker (Demonspawn Fighter)             Turns: 15156, Time: 00:26:04

Health: -1/97      AC: 28    Str: 20    XL:     12   Next: 96%
Magic:  18/18      EV: 10    Int: 10    God:    Okawaru [******]
Gold:   651        SH: 18    Dex: 14    Spells: 11/11 levels left

rFire    . . .     SeeInvis .   a - +0 war axe
rCold    . . .     Faith    .   c - +1 kite shield
rNeg     . . .     Spirit   .   l - +1 chain mail {Will+}
rPois    +         Reflect  +   (helmet unavailable)
rElec    .         Harm     .   v - +0 cloak
rCorr    +         Rampage  .   g - +1 pair of gloves
Will     +....                  D - +2 pair of boots {Fly}
Stlth    ..........             f - amulet of reflection
HPRegen  0.26/turn              q - ring of poison resistance
MPRegen  0.16/turn              y - ring of resist corrosion

@: sanguine armoured, flying, studying Shields, invisible
A: horns 3, icemail 1, spiny 2, sanguine armour 2, condensation shield
a: Renounce Religion, Heroism, Finesse


You were in a volcano.
You worshipped Okawaru.
Okawaru was exalted by your worship.
You visited 3 branches of the dungeon, and saw 14 of its levels.
You also visited: Ossuary and Volcano.

You collected 926 gold pieces.
You spent 275 gold pieces at shops.

Inventory:

Hand Weapons
 a - a +0 war axe (weapon)
 i - a +4 flail of protection
 F - a +3 demon trident of freezing
Missiles
 s - 5 curare-tipped darts (quivered)
Armour
 b - a +0 scale mail
 c - a +1 kite shield (worn)
 g - a +1 pair of gloves (worn)
 l - a +1 chain mail of willpower (worn)
 r - a +0 plate armour
 v - a +0 cloak (worn)
 D - a +2 pair of boots of flying (worn)
 J - a +0 pair of gloves
Jewellery
 f - an amulet of reflection (around neck)
 k - an amulet of regeneration
 q - a ring of poison resistance (left hand)
 y - a ring of resist corrosion (right hand)
 B - a ring of protection from cold
 K - a ring of ice
 L - a ring of ice
Wands
 C - a wand of flame (24)
Scrolls
 m - a scroll of enchant weapon
 w - a scroll of magic mapping
 x - 4 scrolls of teleportation
 z - a scroll of brand weapon
 E - a scroll of summoning
 G - a scroll of fog
 I - a scroll of amnesia
 N - a scroll of blinking
Potions
 d - 5 potions of degeneration
 e - a potion of invisibility
 h - 2 potions of mutation
 j - 5 potions of curing
 n - 6 potions of lignification
 o - 10 potions of haste
 p - 2 potions of ambrosia
 t - a potion of might
 u - a potion of heal wounds
 A - a potion of magic
 H - a potion of flight
 M - a potion of berserk rage {unknown}


   Skills:
 + Level 10.0 Fighting
 + Level 9.0 Axes
 + Level 9.3 Armour
 + Level 8.7 Dodging
 + Level 10.2 Shields
 - Level 8.3 Invocations


You had 11 spell levels left.
You didn't know any spells.
Your spell library contained the following spells:

 Spells                   Type           Power      Damage    Failure   Level
 Blink                    Tloc           N/A        N/A       100%        2
 Lesser Beckoning         Tloc           0%         N/A       100%        3
 Manifold Assault         Tloc           0%         N/A       100%        5


Dungeon Overview and Level Annotations

Branches:
Dungeon (10/15)            Temple (1/1) D:6            Lair (3/6) D:10
 Shoals (0/4) Lair:3       Spider (0/4) Lair:2          Orc (0/2) D:9
Ossuary (visited)         Volcano (1/1)

Altars:
Ashenzari
Cheibriados
Dithmenos
Elyvilon
Fedhas
Gozag
Hepliaklqana
Kikubaaqudgha
Makhleb
Nemelex Xobeh
Okawaru
Qazlal
Ru
Sif Muna
Trog
Uskayaw
Vehumet
Wu Jian
Xom
Yredelemnul
Zin
The Shining One

Shops:
D:1 ?   D:9 :


Innate Abilities, Weirdness & Mutations

You have a pair of large horns on your head.
A meltable icy envelope protects you from harm. (AC +0)
You are mostly covered in sharp spines.
When seriously injured, your bleeding wounds create thick armour. (AC +9)
A meltable shield of frost defends you. (SH +0)


Message History

You slash the salamander! Your headbutt misses the salamander.
The salamander is heavily wounded.
You block the salamander's attack.
The salamander hits you but does no damage.
You hit the salamander but do no damage.
You headbutt the salamander!
The salamander is almost dead.
You block the salamander's attack. x2
You hit the salamander.
The salamander is almost dead.
In the distance, the volcano erupts with a roar.
You are engulfed in blazing flames.
The salamander hits you but does no damage.
You block the salamander's attack.
You hit the salamander. Your headbutt misses the salamander.
The salamander is almost dead.
You are engulfed in blazing flames.
* * * LOW HITPOINT WARNING * * *
The salamander mystic casts a spell at the salamander.
The salamander seems to speed up.
You block the salamander's attack. x2
You slash the salamander!
You kill the salamander!
Okawaru accepts your kill. Something appears at your feet!
You see here a +4 hand axe of venom.
Okawaru grants you a weapon!
You are engulfed in blazing flames.
* * * LOW HITPOINT WARNING * * *
The salamander hits you but does no damage.
A salamander comes into view. It is wielding a +0 halberd.
The salamander mystic points at the salamander and mumbles some strange words.
The salamander seems to speed up.
The salamander hits you from afar with a +0 spear.
* * * LOW HITPOINT WARNING * * *
You are engulfed in flames!
* * * LOW HITPOINT WARNING * * *
You fade into invisibility!
The salamander hits you from afar with a +0 spear!
* * * LOW HITPOINT WARNING * * *
You are engulfed in flames!
You die...

#§≈§§§§§#...#.....#...#≈≈≈≈≈##
##§§≈§≈≈#...#######...#≈≈≈§≈≈#
#§§≈≈≈≈#N..'.!.!$+...#≈≈≈≈≈≈#
##§≈≈§§#N..#..≈..#...#≈≈≈≈###
##§≈≈≈#...#8≈≈≈8#...#§≈≈##
#§§≈≈##..+.N≈..'..##≈§≈≈#
#§§≈§§#..+.N..N'..#≈§≈≈≈#
##≈≈≈§##.#8...8# ##§≈≈≈##
##≈≈§§###.@...###§≈≈≈##
##§°≈≈°≈°°...≈§≈§≈###
#≈°≈°≈°8.°.8≈≈≈≈##
##≈°≈°≈°°...≈≈###
###§≈°°.°..≈≈# #§°≈8°..8≈##
####.°...## #.....# #8...8#


You could see a salamander mystic and 2 salamanders.

Vanquished Creatures
  4 hydras
  Fannar (Lair:3)
  A two-headed ogre (D:8)
  2 tengu warriors (D:10)
  Nergalle (Lair:3)
  A salamander (Volcano)
  4 cane toads
  2 black mambas
  A rime drake (Lair:2)
  3 komodo dragons
  A troll (D:10)
  3 polar bears (Lair:2)
  Grinder (D:3)
  3 blink frogs (Lair:1)
  38 yaks
  A shadow (D:6)
  5 wyverns
  2 basilisks (Lair:3)
  3 steam dragons
  3 vampire mosquitoes (D:10)
  A warg (D:9)
  Edmund (D:4)
  6 water moccasins
  2 hell hounds (Lair:3)
  4 orc warriors
  13 black bears
  2 ice beasts
  2 necrophages
  11 wolves
  2 ogres
  3 centaurs
  A kobold brigand (D:10)
  2 elf zombies (Ossuary)
  9 bullfrogs
  2 gnoll sergeants
  A scorpion (D:6)
  A water moccasin skeleton (D:6)
  A wyvern zombie (D:8)
  7 wights
  10 killer bees
  An electric eel (Lair:3)
  4 howler monkeys
  8 centaur zombies
  A jelly (D:6)
  6 orc priests
  A centaur skeleton (D:4)
  2 gnoll shamans
  4 hounds
  2 human zombies (Ossuary)
  2 bullfrog skeletons (D:6)
  4 iguanas
  2 orc wizards
  A killer bee zombie (D:5)
  2 mummies (Ossuary)
  A howler monkey zombie (D:5)
  2 howler monkey skeletons
  6 adders
  17 gnolls
  A shadow imp (D:7)
  A white imp (D:5)
  A worm (D:2)
  2 dart slugs (D:3)
  25 orcs
  3 ball pythons
  3 bats
  7 endoplasms
  5 giant cockroaches
  7 goblins
  6 hobgoblins
  2 jackals (D:2)
  4 quokkas
  7 frilled lizards
  A goblin zombie (Ossuary)
  14 hobgoblin zombies (Ossuary)
  A jackal zombie (Ossuary)
  3 kobolds
  10 kobold zombies (Ossuary)
  4 orc zombies (Ossuary)
  4 rats
338 creatures vanquished.

Vanquished Creatures (others)
  29 fungi
  26 plants
55 creatures vanquished.

Grand Total: 393 creatures vanquished

Notes
Turn   | Place    | Note
-------+----------+-------------------------------------------
     0 | D:1      | Sin92 the Demonspawn Fighter began the quest for the Orb.
     0 | D:1      | Reached XP level 1. HP: 18/18 MP: 1/1
   303 | D:1      | Found Kuduf's Magic Scroll Boutique.
   459 | D:1      | Gained mutation: You have a pair of small horns on your
                  | head. [demonic ancestry]
   459 | D:1      | Reached XP level 2. HP: 17/24 MP: 2/2
   856 | D:2      | Reached XP level 3. HP: 29/29 MP: 3/3
   949 | D:2      | Reached skill level 1 in Dodging
  2390 | D:3      | Gained mutation: A meltable shield of frost defends you.
                  | (SH +0) [demonic ancestry]
  2390 | D:3      | Reached XP level 4. HP: 33/35 MP: 4/4
  2616 | D:3      | Noticed Grinder
  2634 | D:3      | Killed Grinder
  2635 | D:3      | Gained mutation: You are partially covered in sharp spines.
                  | [demonic ancestry]
  2635 | D:3      | Reached XP level 5. HP: 23/42 MP: 5/5
  2635 | D:3      | Gained mutation: When seriously injured, your bleeding
                  | wounds create armour. (AC +9) [demonic ancestry]
  2635 | D:3      | Reached XP level 6. HP: 27/48 MP: 6/6
  3176 | D:3      | Found a faded altar of an unknown god.
  3214 | D:3      | Found a shadowy altar of Dithmenos.
  3382 | D:4      | Noticed Edmund
  3397 | D:4      | Killed Edmund
  3635 | D:4      | Noticed a steam dragon
  3645 | D:4      | Killed a steam dragon
  3646 | D:4      | Gained mutation: You have a pair of horns on your head.
                  | [demonic ancestry]
  3646 | D:4      | Reached XP level 7. HP: 14/55 MP: 7/7
  3986 | D:4      | Found a sand-covered staircase.
  3994 | Ossuary  | Entered an ossuary
  4095 | Ossuary  | Reached skill level 5 in Fighting
  4105 | Ossuary  | Gained mutation: You have a pair of large horns on your
                  | head. [demonic ancestry]
  4105 | Ossuary  | Reached XP level 8. HP: 38/62 MP: 8/8
  4859 | D:5      | Entered Level 5 of the Dungeon
  5001 | D:5      | Reached skill level 5 in Armour
  5087 | D:5      | Identified a scroll of acquirement
  5087 | D:5      | Acquired an amulet of regeneration
  5095 | D:5      | Reached skill level 5 in Shields
  6032 | D:6      | Found a staircase to the Ecumenical Temple.
  6036 | D:6      | Reached skill level 5 in Axes
  6056 | Temple   | Entered the Ecumenical Temple
  6184 | Temple   | Became a worshipper of Warmaster Okawaru
  6263 | D:6      | Gained mutation: When seriously injured, your bleeding
                  | wounds create thick armour. (AC +9) [demonic ancestry]
  6263 | D:6      | Reached XP level 9. HP: 49/69 MP: 9/9
  6266 | D:6      | Reached skill level 1 in Invocations
  6813 | D:6      | Reached * piety under Okawaru
  7788 | D:8      | Reached skill level 5 in Dodging
  7789 | D:8      | Noticed a two-headed ogre
  7804 | D:8      | Killed a two-headed ogre
  7804 | D:8      | Reached ** piety under Okawaru
  7946 | D:8      | Gained mutation: You are mostly covered in sharp spines.
                  | [demonic ancestry]
  7946 | D:8      | Reached XP level 10. HP: 45/77 MP: 13/13
  8136 | D:8      | Found a shimmering altar of Xom.
  8242 | D:9      | Found Qiuc's Book Emporium.
  8650 | D:9      | Reached *** piety under Okawaru
  8925 | D:1      | Bought a scroll of enchant weapon for 75 gold pieces
  8925 | D:1      | Bought a scroll of brand weapon for 200 gold pieces
  9208 | D:9      | Reached skill level 5 in Invocations
  9219 | D:9      | Found a staircase to the Orcish Mines.
  9618 | D:10     | Entered Level 10 of the Dungeon
  9813 | D:10     | Reached **** piety under Okawaru
 10166 | D:10     | Noticed a tengu warrior
 10222 | D:10     | Killed a tengu warrior
 10334 | D:10     | Noticed a tengu warrior
 10353 | D:10     | Killed a tengu warrior
 10354 | D:10     | Gained mutation: A meltable icy envelope protects you from
                  | harm. (AC +0) [demonic ancestry]
 10354 | D:10     | Reached XP level 11. HP: 40/86 MP: 15/15
 10812 | D:10     | Found a staircase to the Lair.
 11073 | D:10     | Reached ***** piety under Okawaru
 11401 | Lair:1   | Entered Level 1 of the Lair of Beasts
 11636 | Lair:1   | Received a gift from Okawaru
 11949 | Lair:1   | Noticed a six-headed hydra
 11990 | Lair:1   | Killed a six-headed hydra
 13047 | Lair:2   | Acquired a manual of Shields
 13088 | Lair:2   | Found a hole to the Spider Nest.
 13102 | Lair:2   | Received a gift from Okawaru
 13103 | Lair:2   | Reached XP level 12. HP: 57/94 MP: 18/18
 13534 | Lair:2   | Noticed a four-headed hydra
 13544 | Lair:2   | Killed a five-headed hydra
 14118 | Lair:2   | Noticed a five-headed hydra
 14126 | Lair:2   | Killed a seven-headed hydra
 14454 | Lair:3   | Found a staircase to the Shoals.
 14507 | Lair:3   | Noticed Nergalle
 14524 | Lair:3   | Killed Nergalle
 14535 | Lair:3   | Noticed Fannar
 14581 | Lair:3   | Killed Fannar
 14603 | Lair:3   | Noticed a five-headed hydra
 14610 | Lair:3   | Killed a five-headed hydra
 14663 | Lair:3   | Reached skill level 10 in Shields
 14756 | Lair:3   | Reached ****** piety under Okawaru
 14757 | Lair:3   | Reached skill level 10 in Fighting
 14929 | Lair:3   | Found a dark tunnel.
 14944 | Volcano  | Entered a volcano
 15094 | Volcano  | Found a bloodstained altar of Trog.
 15155 | Volcano  | Received a gift from Okawaru
 15156 | Volcano  | Slain by a salamander

Illustrated notes

Levels and vault maps discovered:
D:1:      dpeg_arrival_castle, layout_basic, serial_shops, shop
D:2:      layout_basic, roderic_st_hans_cross
D:3:      layout_basic, mainiacjoe_overflow_alcove_2,
          hellmonk_ecumenical_altar_inner_sanctum, uniq_grinder
D:4:      layout_basic, enter_ossuary_3, roderic_serpentine_path, uniq_edmund
D:5:      layout_loops_cross, minmay_fountain_box, minmay_lizard_king
D:6:      layout_rooms, minmay_temple_entry_glass, serial_aquarium,
          aquarium_bridge_square [aquarium_subvault_bridge,
          aquarium_subvault_wall, aquarium_subvault_window,
          aquarium_subvault_window], aquarium_window_2, aquarium_window_2,
          aquarium_window_fake, aquarium_window_1, aquarium_view_2d,
          aquarium_balcony_3a, aquarium_pool_1, minmay_misc_feat_five,
          st_stairs_3, hangedman_decor_peaks_small
D:7:      layout_basic
D:8:      layout_rooms, kennysheep_mini_moat, grunt_ministairs_15
D:9:      layout_long_grid, erik_orc_3, serial_shops, shop_fountains
D:10:     layout_irregular_city, grunt_lair_entry_orc_guard_hut,
          kennysheep_potato
Temple:   regret_index_temple_chain_breaker
Lair:1:   layout_long_grid
Lair:2:   beast_lair_carwin_large_3, layout_long_grid, dummy_spider_entry,
          grunt_forest_stairs_basic
Lair:3:   layout_cellular_growth, elwin_shoals_entry_rocks, enter_volcano_3,
          chequers_serial_rivers_large_b, grunt_megastairs_4,
          serial_bayou_shore_b, uniq_fannar, uniq_nergalle
Volcano:  kennysheep_volcano_temple

Skill      XL: |  1  2  3  4  5  6  7  8  9 10 11 12 |
---------------+-------------------------------------+-----
Axes           | 2 3 4 5 7 9 |  9.0
Shields        | 3 4 5 6 7 8 10 | 10.2
Armour         | 3 4 5 6 7 8 9 |  9.3
Dodging        | 1 2 3 4 5 6 7 8 |  8.7
Fighting       | 4 5 6 8 10 | 10.0
Invocations    | 4 6 8 |  8.3

Action                   |  1- 3 |  4- 6 |  7- 9 | 10-12 || total
-------------------------+-------+-------+-------+-------++-------
Melee: War axe           |    90 |    59 |   304 |   642 ||  1095
       Headbutt          |     5 |    13 |    67 |   169 ||   254
       Flail             |       |       |       |    18 ||    18
Invok: Heroism           |       |       |     1 |     1 ||     2
       Finesse           |       |       |       |     1 ||     1
  Use: Scroll            |     5 |     2 |    10 |     5 ||    22
       Potion            |       |     2 |     3 |     4 ||     9
 Stab: Invisible         |       |       |       |    11 ||    11
Armor: Scale mail        |    38 |    10 |       |       ||    48
       Chain mail        |       |    12 |   167 |   376 ||   555
Dodge: Dodged            |    28 |    13 |   100 |   243 ||   384
Block: Kite shield       |    42 |    49 |   326 |   982 ||  1399
       Reflection        |       |       |       |     8 ||     8

Table legend: (Time is in decaauts)
 A = Elapsed time spent in this place.
 B = Non-inter-level travel time spent in this place.
 C = Inter-level travel time spent in this place.
 D = Time resting spent in this place.
 E = Time spent auto-exploring this place.
 F = Levels seen in this place.
 G = Mean time per level.
                   A        B        C        D        E       F      G
               +--------+--------+--------+--------+--------+-----+--------+
         Total |  15540 |  14443 |   1097 |   1059 |  10298 |  16 |  971.2 |
       Dungeon |  11218 |  10283 |    935 |    557 |   7831 |  10 | 1121.8 |
        Temple |    146 |    117 |     29 |      0 |    113 |   1 |  146.0 |
          Lair |   3600 |   3468 |    132 |    476 |   2007 |   3 | 1200.0 |
       Ossuary |    362 |    362 |      0 |      0 |    212 |   1 |  362.0 |
       Volcano |    212 |    212 |      0 |     26 |    135 |   1 |  212.0 |
               +--------+--------+--------+--------+--------+-----+--------+

Top non-repeatable levels by time:
  Lair:1: 1661 daAuts
    D:10: 1587 daAuts
     D:2: 1434 daAuts
  Lair:2: 1409 daAuts
     D:4: 1368 daAuts
     D:9: 1296 daAuts
     D:3: 1206 daAuts
     D:5: 1093 daAuts
     D:6: 1079 daAuts
     D:1: 866 daAuts
     D:7: 714 daAuts
     D:8: 573 daAuts
  Lair:3: 529 daAuts
 Ossuary: 362 daAuts
 Volcano: 212 daAuts
